 Dungeon Crawl Stone Soup version 0.23.0-3-gf3c87f2df8 (webtiles) character file.

Game seed: 5591349918893035893

186 LLavrengius the Changer (level 5, -3/37 HPs)
             Began as an Octopode Transmuter on Feb 20, 2019.
             Killed from afar by an orc wizard (11 damage)
             ... with a magic dart
             ... on level 3 of the Dungeon.
             The game lasted 00:10:02 (3763 turns).

LLavrengius the Changer (Octopode Transmuter)       Turns: 3763, Time: 00:10:02

Health: -3/37      AC:  1    Str:  9    XL:     5   Next: 66%
Magic:  8/8        EV: 13    Int: 16    God:
Gold:   59         SH:  0    Dex: 13    Spells: 5/8 levels left

rFire    . . .     SeeInvis .     - Unarmed
rCold    . . .     Gourm    .   (no shield)
rNeg     . . .     Faith    .   (helmet restricted)
rPois    .         Spirit   .   (no amulet)
rElec    .         Reflect  .   (no ring)
rCorr    .         Harm     .   (no ring)
MR       .....                  (no ring)
Stlth    ++........             (no ring)
HPRegen  0.12/turn              (no ring)
MPRegen  0.11/turn              (no ring)
                                (no ring)
                                (no ring)

@: confused
A: almost no armour, stealthy swim, amphibious, 8 rings, constrict 8, camouflage
1, gelatinous body 1
a: no special abilities


You were on level 3 of the Dungeon.
You were not hungry.

You visited 1 branch of the dungeon, and saw 4 of its levels.

You collected 59 gold pieces.

Inventory:

Hand Weapons
 k - a +0 halberd of venom
 m - a +3 short sword of protection
 p - a +0 blowgun
Missiles
 a - 23 arrows
 q - 20 poisoned needles
Armour
 n - a +0 buckler
Jewellery
 r - an uncursed ring of fire
 s - an uncursed ring of ice
Scrolls
 d - 2 scrolls of fear {unknown}
 e - 3 scrolls of identify {unknown}
 f - a scroll of enchant weapon {unknown}
 g - a scroll of remove curse {unknown}
 h - a scroll of amnesia {unknown}
 i - a scroll of random uselessness {unknown}
 j - a scroll of fog {unknown}
Potions
 b - 2 potions of ambrosia {unknown}
 l - a potion of flight {unknown}
 o - 2 potions of heal wounds {unknown}
 t - 2 potions of haste {unknown}
 v - a potion of lignification {unknown}
Comestibles
 c - 3 rations
 u - a chunk of flesh


   Skills:
 + Level 3.7 Fighting
 - Level 2.0 Dodging
 - Level 3.0 Unarmed Combat
 - Level 2.0 Spellcasting
 + Level 4.2 Transmutations


You had 5 spell levels left.
You knew the following spells:

 Your Spells              Type           Power        Failure   Level  Hunger
a - Beastly Appendage     Tmut           ###...       3%          1    #......
b - Sticks to Snakes      Tmut           ###.....     5%          2    ###....

Your spell library contained the following spells:

 Spells                   Type           Power        Failure   Level  Hunger
 Spider Form              Tmut/Pois      #.........   26%         3    ###....
 Ice Form                 Ice/Tmut       #.......     65%         4    #####..
 Blade Hands              Tmut           ###.......   69%         5    ######.


Dungeon Overview and Level Annotations

Branches:
Dungeon (4/15)
 Temple: D:4-7

Altars:


Innate Abilities, Weirdness & Mutations

You cannot wear most types of armour.
You are very stealthy in the water. (Stealth+)
You are amphibious.
You can wear up to eight rings at the same time.
You can use your tentacles to constrict eight enemies at once.
Your skin changes colour to match your surroundings (Stealth+).
Your rubbery body absorbs attacks. (AC +1, EV +1)


Message History

You constrict the orc, but do no damage.
You tentacle-slap the orc but do no damage.
The orc is almost dead.
You constrict the orc.
You kill the orc!
There is a stone staircase leading up here.
You climb upwards.
There is a stone staircase leading down here.
You tentacle-slap the orc wizard but do no damage.
You grab the orc wizard. You squeeze the orc wizard.
The orc wizard is moderately wounded.
You constrict the orc wizard.
The orc wizard gestures at you while chanting.
You are confused.
You're too confused to move!
You constrict the orc wizard. The orc wizard misses you.
You're too confused to move!
You constrict the orc wizard.
The orc wizard gestures at you while chanting.
The magic dart hits you!
You die...

##########
#.(....≈.####
#####......≈≈♣P..
##...#.....P♣♣≈♣..
#...........≈≈....
#>................
#@...#.......####.
#####o.....#######
#. #.......##.# #.
#.......##.# ..
#.......##.# #.
#.......##.# #.
#.......##.# #
###.###.##.# #
#†###.##.#### .


You could see an orc wizard.

Vanquished Creatures
  A bullfrog skeleton (D:3)
  3 adders
  2 gnolls (D:2)
  An ooze (D:3)
  A worm (D:2)
  3 dart slugs
  2 leopard geckos
  8 orcs
  A ball python (D:1)
  6 bats
  2 giant cockroaches (D:1)
  7 goblins
  13 hobgoblins
  12 jackals
  A quokka (D:2)
  5 frilled lizards
  4 kobolds
  2 rats
  A plant (D:3)
75 creatures vanquished.

Vanquished Creatures (collateral kills)
  2 gnolls (D:2)
2 creatures vanquished.

Grand Total: 77 creatures vanquished

Notes
Turn   | Place    | Note
-------+----------+-------------------------------------------
     0 | D:1      | LLavrengius the Octopode Transmuter began the quest for the
                  | Orb.
     0 | D:1      | Reached XP level 1. HP: 13/13 MP: 3/3
   114 | D:1      | Reached XP level 2. HP: 11/18 MP: 5/5
   118 | D:1      | Learned a level 2 spell: Sticks to Snakes
   739 | D:1      | Reached XP level 3. HP: 13/24 MP: 6/6
  1206 | D:1      | Reached skill level 3 in Transmutations
  1555 | D:2      | Reached XP level 4. HP: 14/30 MP: 7/7
  2702 | D:2      | Reached XP level 5. HP: 35/36 MP: 8/8
  2847 | D:3      | Reached skill level 4 in Transmutations
  3763 | D:3      | Killed from afar by an orc wizard

Skill      XL: |  1  2  3  4  5 |
---------------+----------------+-----
Fighting       | 2 3 |  3.7
Transmutations | 3 4 |  4.2
Dodging        | |  2.0
Unarmed Combat | |  3.0
Spellcasting   | |  2.0

Action                   |  1- 3 |  4- 6 || total
-------------------------+-------+-------++-------
Melee: Unarmed           |    90 |   150 ||   240
       Tentacles         |    19 |    33 ||    52
       Constrict         |    22 |    34 ||    56
       Punch             |     1 |     1 ||     2
 Cast: Sticks to Snakes  |       |     3 ||     3
 Stab: Sleeping          |     3 |     5 ||     8
       Distracted        |       |     1 ||     1
  Eat: Chunk             |     1 |     5 ||     6
       Ration            |       |     1 ||     1
Armor: Skin              |     8 |     8 ||    16
Dodge: Dodged            |    56 |    82 ||   138
